[Event "Titled Tuesday Blitz November 15 Early 2022"]
[White "Mohamed Anees M"]
[Black "Madaminov, Mukhiddin"]
[WhiteFideId "35065815"]
[BlackFideId "14210703"]
[WhiteElo "2135"]
[BlackElo "2341"]
[Result "0-1"]
[Round "01"]
[TimeControl "180+1"]
[Date "2022.11.16"]
[WhiteClock "0:00:08"]
[BlackClock "0:00:04"]

1. e4 e5 2. Nf3 Nc6 3. Bb5 a6 4. Ba4 Nf6 5. O-O Nxe4 6. Re1 Nc5 7. Bxc6 dxc6 8. Nxe5 Be7 9. d4 Ne6 10. Be3 O-O 11. Nc3 Re8 12. Qf3 f6 13. Nc4 Nf8 14. a4 Be6 15. Nd2 Qd7 16. h3 Rad8 17. Rad1 Ng6 18. Nde4 Bb4 19. Nc5 Bxc5 20. dxc5 Qf7 21. Qg3 Bf5 22. Rxd8 Rxd8 23. Re2 h6 24. Bf4 Rd7 25. Bc1 Kh7 26. Kh2 Ne5 27. Bf4 Nc4 28. Bc1 b5 29. cxb6 Nxb6 30. b3 Nd5 31. Bb2 Re7 32. Rxe7 Qxe7 33. Nxd5 cxd5 34. c4 c6 35. cxd5 cxd5 36. Qf4 Bc2 37. Qd2 Qd6+ 38. Kg1 Bg6 39. b4 Qc6 40. a5 Qc4 41. Bd4 Bd3 42. Bc5 Qe4 43. Qe3 Qf5 44. Qd4 Bc4 45. Qe3 Qb1+ 46. Kh2 Qf5 47. f3 h5 48. Qd4 Kg6 49. Qh4 Kf7 50. Qg3 Qd7 51. Qd6 Qc8 52. Qe7+ Kg6 53. Qe3 Qf5 54. Qe8+ Kh7 55. Qe3 Bb5 56. Qd4 Bc4 57. Kg1 Kg8 58. Kf2 Kf7 59. Qe3 Qc2+ 60. Kg3 Qg6+ 61. Kf2 Kg8 62. Qe7 Qc2+ 63. Kg1 Qc1+ 64. Kh2 Qf4+ 65. Kg1 Kh7 66. Qe8 Qc1+ 67. Kh2 Qf4+ 68. Kg1 Qg5 69. Qe3 Qf5 70. Qd4 g5 71. Qe3 Qc8 72. Qe7+ Kg6 73. Bd4 Qc6 74. Qf8 Qe6 75. Kh2 h4 76. Qb8 Bb5 77. Qc7 Qf5 78. Qb8 Qe6 79. Qc7 Bf1 80. Qc2+ Kh6 81. Qf2 Bc4 82. Qd2 Qf5 83. Qe3 Bb5 84. Kh1 Qb1+ 85. Kh2 Qxb4 86. Bxf6 Qd6+ 87. Be5 Qg6 88. Qd4 Qe6 89. Bg7+ Kg6 90. Be5 Kf5 91. Bc7 Qd7 92. Qg4+ Kf6 93. Qd4+ Kg6 94. Be5 Bc4 95. Qb6+ Kf7 96. Qf6+ Ke8 97. Qxg5 Qe6 98. Qh5+ Kd7 99. Bf4 Qf6 100. Qh7+ Kc6 101. Qc7+ Kb5 102. Be5 Qg6 103. Bd4 Ka4 104. Qb6 Qg3+ 105. Kh1 Qe1+ 106. Bg1 Qxa5 107. Qc6+ Kb3 108. Qf6 Qc3 109. Qxh4 a5 110. Bd4 Qc1+ 111. Kh2 a4 112. Qd8 Qf4+ 113. Kh1 Qxd4 114. Qb8+ Kc2 115. Qa8 Qa1+ 116. Kh2 Qe5+ 117. Kh1 Bb3 118. Qb8 Qxb8 0-1


[Site "https://www.chess.com"]

[Event "Titled Tuesday Blitz November 15 Early 2022"]
[White "Mohammed, Zozek Salah Mohammed"]
[Black "Aggelis, Nikolaos"]
[WhiteFideId "4803361"]
[BlackFideId "4213220"]
[WhiteElo "2199"]
[BlackElo "2189"]
[Result "1/2-1/2"]
[Round "01"]
[TimeControl "180+1"]
[Date "2022.11.16"]
[WhiteClock "0:00:32"]
[BlackClock "0:00:25"]

1. d4 Nf6 2. Nf3 g6 3. c4 Bg7 4. g3 O-O 5. Bg2 d5 6. O-O Nc6 7. Nbd2 a5 8. b3 a4 9. Bb2 a3 10. Bc3 Ne4 11. Nxe4 dxe4 12. Ne5 Nxe5 13. dxe5 Bf5 14. e3 c6 15. Qxd8 Rfxd8 16. Rfd1 Rd3 17. Rxd3 exd3 18. Rd1 Rd8 19. e4 Bg4 20. f3 Be6 21. Kf2 Bh6 22. Bf1 d2 23. f4 Bg4 24. Rxd2 Rxd2+ 25. Bxd2 f6 26. exf6 exf6 27. Bb4 Bf8 28. Bxf8 Kxf8 29. Be2 Be6 30. Ke3 c5 31. Kd3 b5 32. Kc3 b4+ 33. Kd2 Ke7 34. Ke3 Kd6 35. Bd3 Bg4 36. Be2 Bh3 37. Kf3 Be6 38. g4 Bd7 39. h4 Bc6 40. g5 Ke6 41. Ke3 Ke7 42. gxf6+ Kxf6 43. e5+ Ke7 44. Bf3 Bd7 45. Be4 Bf5 46. Bxf5 gxf5 47. h5 h6 48. Kf3 Ke6 49. Kg3 Ke7 50. Kf2 Ke6 51. Ke3 Ke7 52. Kf3 Ke6 53. Ke3 Ke7 1/2-1/2


[Site "https://www.chess.com"]

[Event "Titled Tuesday Blitz November 15 Early 2022"]
[White "Moksh Amit Doshi"]
[Black "Hoffmann, Asa"]
[WhiteFideId "25064967"]
[BlackFideId "2001470"]
[WhiteElo "2330"]
[BlackElo "2117"]
[Result "0-1"]
[Round "01"]
[TimeControl "180+1"]
[Date "2022.11.16"]
[WhiteClock "0:00:57"]
[BlackClock "0:00:34"]

1. d4 Nf6 2. c4 c5 3. d5 e5 4. Nc3 d6 5. g3 Be7 6. Bg2 O-O 7. Nf3 Na6 8. O-O Ne8 9. a3 Nec7 10. Rb1 Bd7 11. b4 f5 12. b5 Nb8 13. Nxe5 Bf6 14. Nxd7 Nxd7 15. Bb2 Ne5 16. Qb3 Rb8 17. a4 Na8 18. e3 Nb6 19. Ne2 Nbxc4 20. Bc3 Na5 21. Qc2 b6 22. Nf4 Qe7 23. Qxf5 Nf3+ 24. Bxf3 Bxc3 25. Qe6+ Qxe6 26. dxe6 Be5 27. Bd5 Rfe8 28. Nd3 Bf6 29. f4 c4 30. Nb4 c3 31. Nc6 Nxc6 32. Bxc6 Re7 33. Rbc1 Rc8 34. e4 Bd4+ 35. Kg2 Kf8 36. Bd5 Rec7 37. Rfd1 Bf6 38. Rc2 Ke7 39. g4 h6 40. Kg3 Rc4 41. Bxc4 Rxc4 42. Kf3 Kxe6 43. Ra1 Rb4 44. a5 Rxb5 45. axb6 axb6 46. Ra7 Rb2 47. f5+ Ke5 48. Rxc3 Kd4 49. Rc6 Be5 50. Ra4+ Kd3 51. Ra3+ Kd4 52. Rc1 b5 53. Rd1+ Kc5 54. h3 b4 55. Ra5+ Kb6 56. Ra7 Kxa7 57. h4 Rb3+ 58. Kf2 Rh3 59. Rb1 b3 60. g5 hxg5 61. hxg5 Rg3 62. f6 gxf6 63. gxf6 Rg6 64. Rxb3 Rxf6+ 65. Ke3 Rh6 66. Rb1 Rh3+ 67. Ke2 Ka6 68. Kd2 Ka5 69. Ke2 Ka4 70. Rb7 Bf4 71. Rf7 Be5 72. Rb7 Rb3 73. Ra7+ Kb4 74. Rc7 Rc3 75. Rb7+ Kc4 76. Rb1 Kd4 77. Rb4+ Rc4 78. Rxc4+ Kxc4 79. Kf3 Kd3 80. Kf2 Kxe4 81. Ke2 d5 82. Kd2 d4 83. Ke2 d3+ 84. Kf2 Bf4 85. Kg2 d2 86. Kh3 d1=Q 87. Kg2 Qe2+ 88. Kh3 Qh2+ 89. Kg4 Qg3+ 90. Kh5 Qg5# 0-1


[Site "https://www.chess.com"]

[Event "Titled Tuesday Blitz November 15 Early 2022"]
[White "Mouhamad, Joachim"]
[Black "Boruchovsky, Avital"]
[WhiteFideId "656410"]
[BlackFideId "2800055"]
[WhiteElo "2164"]
[BlackElo "2458"]
[Result "1-0"]
[Round "01"]
[TimeControl "180+1"]
[Date "2022.11.16"]
[WhiteClock "0:01:55"]
[BlackClock "0:01:48"]

1. e4 e6 2. d4 d5 3. e5 c5 4. c3 Nc6 5. Nf3 Qb6 6. a3 Nh6 7. b4 cxd4 8. cxd4 Nf5 9. Bb2 Be7 10. Be2 Bd7 11. O-O h5 12. Qd2 h4 13. h3 f6 14. exf6 gxf6 15. Rd1 a5 16. b5 Na7 17. a4 Nc8 18. Ba3 Ncd6 19. Nc3 O-O-O 20. Bc5 Qc7 21. b6 Qc6 22. Nb5 Ne4 23. Qxa5 1-0


[Site "https://www.chess.com"]

[Event "Titled Tuesday Blitz November 15 Early 2022"]
[White "Muminova, Nafisa"]
[Black "Mischuk, Dmitry"]
[WhiteFideId "14201526"]
[BlackFideId "14118734"]
[WhiteElo "2258"]
[BlackElo "2256"]
[Result "0-1"]
[Round "01"]
[TimeControl "180+1"]
[Date "2022.11.16"]
[WhiteClock "0:00:45"]
[BlackClock "0:01:23"]

1. e4 c5 2. Nf3 d6 3. Bb5+ Bd7 4. Bxd7+ Qxd7 5. O-O Nc6 6. d4 cxd4 7. Nxd4 Nf6 8. Nc3 g6 9. Bg5 Bg7 10. Nb3 O-O 11. Qd2 Rfc8 12. Rad1 Ne5 13. Nd4 Nc4 14. Qc1 a6 15. Rfe1 b5 16. Nd5 Nxd5 17. exd5 Ne5 18. f4 h6 19. Bh4 Nc4 20. Rxe7 Qg4 21. Bf2 Nxb2 22. Rf1 Nd3 23. Qd2 Nxf4 24. Bg3 Bxd4+ 25. Qxd4 Ne2+ 26. Rxe2 Qxd4+ 27. Ref2 Qxd5 0-1


[Site "https://www.chess.com"]

[Event "Titled Tuesday Blitz November 15 Early 2022"]
[White "Neiksans, Arturs"]
[Black "Rosenberg, Evan S"]
[WhiteFideId "11601388"]
[BlackFideId "2019299"]
[WhiteElo "2497"]
[BlackElo "2369"]
[Result "1-0"]
[Round "01"]
[TimeControl "180+1"]
[Date "2022.11.16"]
[WhiteClock "0:00:20"]
[BlackClock "0:00:01"]

1. Nf3 d5 2. g3 Nd7 3. d4 Nb6 4. a4 a5 5. Nc3 Nf6 6. Bg2 Bf5 7. Nh4 Bg4 8. h3 Bh5 9. g4 Bg6 10. Nxg6 hxg6 11. g5 Nh5 12. e3 e6 13. h4 c6 14. b3 Bb4 15. Bd2 Bd6 16. Qg4 e5 17. Ne2 Qe7 18. Bc3 e4 19. Bb2 O-O 20. Kd2 f5 21. gxf6 Rxf6 22. Raf1 Raf8 23. f4 exf3 24. Rxf3 Rxf3 25. Bxf3 Re8 26. Qg5 Nf6 27. Nc3 Bb4 28. Re1 Nc8 29. Qxg6 Nd6 30. Kd1 Nde4 31. Bxe4 Nxe4 32. Nxe4 Bxe1 33. Ng5 Qf6 34. Qh7+ Kf8 35. Qd3 Qf2 36. e4 dxe4 37. Nxe4 Rxe4 38. d5 cxd5 39. Qxd5 Rd4+ 40. Qxd4 Qxd4+ 41. Bxd4 Bxh4 42. Bb6 Kf7 43. Ke2 g5 44. Bxa5 g4 45. Ke3 Bg5+ 46. Ke4 Ke6 47. Be1 Be7 48. Bg3 Bd6 49. Bxd6 Kxd6 50. b4 g3 51. Kf3 Kd5 52. a5 Kc4 53. c3 Kxc3 54. b5 Kb4 55. a6 1-0


[Site "https://www.chess.com"]

[Event "Titled Tuesday Blitz November 15 Early 2022"]
[White "Nemurov, Aleksandr"]
[Black "Svane, Frederik"]
[WhiteFideId "4194187"]
[BlackFideId "12923044"]
[WhiteElo "2190"]
[BlackElo "2466"]
[Result "0-1"]
[Round "01"]
[TimeControl "180+1"]
[Date "2022.11.16"]
[WhiteClock "0:01:28"]
[BlackClock "0:02:24"]

1. d4 Nf6 2. c4 e6 3. Nf3 d5 4. Nc3 dxc4 5. e3 a6 6. Bxc4 b5 7. Bd3 Bb7 8. O-O Nbd7 9. e4 b4 10. Na4 Nxe4 11. Re1 Nef6 12. Ne5 Nxe5 13. dxe5 Qd5 14. f3 O-O-O 15. exf6 Qxd3 16. Qxd3 Rxd3 17. fxg7 Bxg7 18. Nc5 Bd4+ 0-1


[Site "https://www.chess.com"]

[Event "Titled Tuesday Blitz November 15 Early 2022"]
[White "Nugumanov, Bakhtiyar"]
[Black "Sharifov, Mekhriddin"]
[WhiteFideId "13701797"]
[BlackFideId "14701545"]
[WhiteElo "2287"]
[BlackElo "2109"]
[Result "0-1"]
[Round "01"]
[TimeControl "180+1"]
[Date "2022.11.16"]
[WhiteClock "0:00:01"]
[BlackClock "0:00:49"]

1. Nf3 Nf6 2. c4 c6 3. Nc3 d5 4. d4 dxc4 5. g3 Bd7 6. a4 e6 7. Ne5 Bd6 8. Nxc4 Bc7 9. Bg2 O-O 10. O-O Na6 11. e4 Nb4 12. Qe2 a5 13. Be3 b5 14. Ne5 Rb8 15. f4 Qe7 16. g4 Be8 17. Rf3 Bxe5 18. dxe5 Nxg4 19. axb5 Nxe3 20. Rxe3 Qc5 21. Kh1 Nc2 22. Rh3 Nxa1 23. Qh5 h6 24. Rg3 Qf2 25. Ne2 f5 26. Qxh6 Qxg3 27. Nxg3 Bf7 28. Qh4 Rfd8 29. h3 Rd1+ 30. Kh2 Nc2 31. exf5 exf5 32. Nxf5 Rd2 33. Qg5 g6 34. Nh6+ Kg7 35. Qf6+ Kxh6 36. Qxf7 Ne1 37. Qc7 Rxg2+ 38. Kh1 Rf8 39. e6 Re2 40. e7 Re8 41. Qxc6 R2xe7 42. b6 Nd3 0-1


[Site "https://www.chess.com"]

[Event "Titled Tuesday Blitz November 15 Early 2022"]
[White "Odegov, Artem"]
[Black "Urbina Quiroz, Edwin"]
[WhiteFideId "34183644"]
[BlackFideId "6500650"]
[WhiteElo "2298"]
[BlackElo "2152"]
[Result "1-0"]
[Round "01"]
[TimeControl "180+1"]
[Date "2022.11.16"]
[WhiteClock "0:00:19"]
[BlackClock "0:00:10"]

1. d4 d5 2. c4 e6 3. Nc3 Nf6 4. Bg5 Be7 5. Nf3 h6 6. Bxf6 Bxf6 7. e3 O-O 8. Qc2 Re8 9. h4 g6 10. g4 Bg7 11. h5 g5 12. O-O-O c6 13. Ne5 Qf6 14. Bg2 Nd7 15. Nf3 dxc4 16. Rhf1 b5 17. Nd2 Bb7 18. f4 Nb6 19. Nce4 Qe7 20. fxg5 hxg5 21. Nc5 Nd5 22. Qe4 Rad8 23. h6 Bf6 24. Rf3 Nxe3 25. Rxf6 Qxf6 26. Qxe3 Bc8 27. Nde4 Qxh6 28. Nxg5 f6 29. Bxc6 Qxg5 30. Qxg5+ fxg5 31. Bxe8 Rxe8 32. Ne4 e5 33. Nf6+ Kf7 34. Nxe8 Kxe8 35. dxe5 Bxg4 36. Rg1 Be6 37. Rxg5 Kd7 38. a3 Kc6 39. Rg7 a5 40. Ra7 a4 41. Kd2 Kd5 42. Kc3 Kxe5 43. Kb4 Kd4 44. Kxb5 c3 45. bxc3+ Kxc3 46. Kxa4 Kc4 47. Ka5 Kc5 48. a4 Bc4 49. Rc7+ Kd5 50. Rxc4 Kxc4 51. Kb6 Kb4 52. a5 Kc4 53. a6 Kd4 54. a7 Ke4 55. a8=Q+ Kf4 56. Qg2 Ke3 57. Qg4 Kf2 58. Qe4 Kf1 59. Qc2 Kg1 60. Qe2 Kh1 61. Kc5 Kg1 62. Kd4 Kh1 63. Ke4 Kg1 64. Kf3 Kh1 65. Qg2# 1-0


[Site "https://www.chess.com"]

[Event "Titled Tuesday Blitz November 15 Early 2022"]
[White "Orlov, Georgi"]
[Black "Gerbelli Neto, Eduardo"]
[WhiteFideId "2011271"]
[BlackFideId "2103281"]
[WhiteElo "2547"]
[BlackElo "2178"]
[Result "0-1"]
[Round "01"]
[TimeControl "180+1"]
[Date "2022.11.16"]
[WhiteClock "0:00:07"]
[BlackClock "0:00:12"]

1. Nf3 Nf6 2. c4 c5 3. Nc3 d5 4. cxd5 Nxd5 5. e4 Nb4 6. Bc4 Nd3+ 7. Kf1 Nf4 8. d3 Ne6 9. h4 g6 10. h5 Bg7 11. h6 Bd4 12. Nxd4 Nxd4 13. Bg5 Nbc6 14. f4 Be6 15. a3 Bxc4 16. dxc4 f6 17. Bh4 O-O 18. Rb1 Qd7 19. Rh3 Qe6 20. b3 Rad8 21. Rd3 a6 22. Bf2 b5 23. cxb5 axb5 24. Rb2 b4 25. axb4 cxb4 26. Ne2 Nb5 27. Rbd2 Nc3 28. Nxc3 bxc3 29. Rxd8 cxd2 30. Rxf8+ Kxf8 31. Qxd2 Qxe4 32. Kg1 Qb1+ 33. Kh2 Qxb3 34. Qd7 Qc4 35. Bg3 Kf7 36. Qc8 Qd5 0-1


[Site "https://www.chess.com"]

[Event "Titled Tuesday Blitz November 15 Early 2022"]
[White "Oro, Faustino"]
[Black "Makhmudov, Shukhrat"]
[WhiteFideId "20000197"]
[BlackFideId "14200775"]
[WhiteElo "2066"]
[BlackElo "2135"]
[Result "1-0"]
[Round "01"]
[TimeControl "180+1"]
[Date "2022.11.16"]
[WhiteClock "0:00:49"]
[BlackClock "0:00:15"]

1. e4 e5 2. Nf3 Nc6 3. Bb5 a6 4. Ba4 Nf6 5. O-O Be7 6. Re1 b5 7. Bb3 O-O 8. c3 d5 9. exd5 Nxd5 10. Nxe5 Nxe5 11. Rxe5 c6 12. d4 Bd6 13. Re1 Qh4 14. g3 Qh3 15. Re4 g5 16. Qf1 Qh5 17. Nd2 Bf5 18. f3 Bxe4 19. fxe4 Ne3 20. Qf6 Ng4 21. Qf3 Qxh2+ 22. Kf1 Bxg3 23. e5 Rae8 24. Ne4 Qh4 25. Qxg4 Qh1+ 26. Ke2 Qe1+ 27. Kd3 Qf1+ 28. Kc2 Bf4 29. Bxf4 Qxf4 30. Nf6+ Kh8 31. Qxf4 gxf4 32. Nxe8 Rxe8 33. Rf1 Rg8 34. Rxf4 Rg2+ 35. Kc1 1-0


[Site "https://www.chess.com"]

[Event "Titled Tuesday Blitz November 15 Early 2022"]
[White "Osiecki, Stanislaw"]
[Black "Tomb, Maroun"]
[WhiteFideId "1102990"]
[BlackFideId "5300398"]
[WhiteElo "2088"]
[BlackElo "2544"]
[Result "0-1"]
[Round "01"]
[TimeControl "180+1"]
[Date "2022.11.16"]
[WhiteClock "0:01:57"]
[BlackClock "0:02:14"]

1. e4 c5 2. c3 d6 3. d4 Nf6 4. Bd3 e5 5. dxe5 dxe5 6. Nf3 Qc7 7. O-O Be7 8. Na3 O-O 9. Nc4 Nc6 10. a4 Bg4 11. h3 Bh5 12. Qe2 Rad8 13. Bg5 h6 14. Bh4 Nh7 15. Bg3 Ng5 16. Rad1 Bxf3 17. gxf3 Nxh3+ 18. Kg2 Nf4+ 19. Bxf4 exf4 20. Rg1 Bf6 21. Kf1 Rfe8 22. Rg4 a6 23. Kg2 b5 24. Kh2 bxc4 25. Bxc4 Rxd1 26. Qxd1 Ne5 0-1


[Site "https://www.chess.com"]

[Event "Titled Tuesday Blitz November 15 Early 2022"]
[White "Osinovsky, Stepan"]
[Black "Mgeladze, Tamaz"]
[WhiteFideId "4157354"]
[BlackFideId "13601202"]
[WhiteElo "2222"]
[BlackElo "2288"]
[Result "1-0"]
[Round "01"]
[TimeControl "180+1"]
[Date "2022.11.16"]
[WhiteClock "0:00:44"]
[BlackClock "0:00:10"]

1. Nf3 Nf6 2. g3 g6 3. Bg2 Bg7 4. O-O O-O 5. d3 c5 6. Nbd2 Nc6 7. e4 d6 8. Re1 Rb8 9. a4 a6 10. e5 dxe5 11. Nxe5 Nxe5 12. Rxe5 b6 13. Nc4 Bb7 14. Bxb7 Rxb7 15. Qf3 Rd7 16. Bg5 h6 17. Bd2 b5 18. axb5 axb5 19. Na5 Nd5 20. Rxd5 Rxd5 21. Nc6 Rf5 22. Qe4 Qd7 23. Ra7 Qxa7 24. Nxa7 Bd4 25. Be3 Re5 26. Qf3 Rf5 27. Qb7 Bxe3 28. fxe3 c4 29. e4 Rf6 30. Nc6 cxd3 31. Nxe7+ Kg7 32. cxd3 Re8 33. Nd5 Rfe6 34. Qxb5 Re5 35. Qc6 R8e6 36. Qc3 Kh7 37. b4 h5 38. b5 h4 39. gxh4 g5 40. b6 gxh4 41. b7 Rg5+ 42. Kf2 Rg8 43. Nf6+ Rxf6+ 44. Qxf6 1-0


[Site "https://www.chess.com"]

[Event "Titled Tuesday Blitz November 15 Early 2022"]
[White "Ozen, Bahadir"]
[Black "Guliev, Logman"]
[WhiteFideId "6337058"]
[BlackFideId "13400061"]
[WhiteElo "2503"]
[BlackElo "2161"]
[Result "1-0"]
[Round "01"]
[TimeControl "180+1"]
[Date "2022.11.16"]
[WhiteClock "0:00:14"]
[BlackClock "0:00:03"]

1. g3 g6 2. Bg2 Bg7 3. Nf3 Nf6 4. O-O O-O 5. d3 d6 6. e4 c5 7. Nbd2 Nc6 8. Re1 Qc7 9. a4 b6 10. c3 Bb7 11. Nc4 d5 12. exd5 Nxd5 13. Qb3 Rad8 14. Bd2 e5 15. Rad1 Rfe8 16. Bg5 f6 17. Bc1 Kh8 18. h4 Nce7 19. h5 g5 20. Bxg5 fxg5 21. Nxg5 Nf5 22. Qc2 h6 23. Nf3 Re7 24. d4 e4 25. Nfe5 Bxe5 26. Nxe5 Nf6 27. Ng6+ Kg7 28. Nxe7 Qxe7 29. dxc5 Rxd1 30. Qxd1 bxc5 31. Qe2 e3 32. Bxb7 Qxb7 33. fxe3 Nxg3 34. Qg2 Ne4 35. Rf1 Qd5 36. Rf3 Qg5 37. b4 Nxc3 38. bxc5 Nce4 39. c6 1-0


[Site "https://www.chess.com"]

[Event "Titled Tuesday Blitz November 15 Early 2022"]
[White "Pakleza, Zbigniew"]
[Black "Gu, Xiaobing"]
[WhiteFideId "1119290"]
[BlackFideId "8602611"]
[WhiteElo "2411"]
[BlackElo "2174"]
[Result "1-0"]
[Round "01"]
[TimeControl "180+1"]
[Date "2022.11.16"]
[WhiteClock "0:01:32"]
[BlackClock "0:00:14"]

1. d4 Nf6 2. Nf3 g6 3. Bf4 Bg7 4. e3 d6 5. h3 O-O 6. Be2 Nbd7 7. O-O Qe8 8. c4 e5 9. Bh2 e4 10. Nfd2 b6 11. Nc3 Bb7 12. b4 a5 13. a3 axb4 14. axb4 Qe7 15. Qb3 Rxa1 16. Rxa1 Ra8 17. Rxa8+ Bxa8 18. Nb5 Nf8 19. Qa3 Bc6 20. Nc3 h5 21. Qa7 N8h7 22. Bf1 Ng5 23. Nb3 Kh7 24. d5 Be8 25. Nd4 Qd8 26. Ncb5 Nd7 27. Qxc7 Qxc7 28. Nxc7 Bxd4 29. exd4 f5 30. Nxe8 1-0


[Site "https://www.chess.com"]

[Event "Titled Tuesday Blitz November 15 Early 2022"]
[White "Paravyan, David"]
[Black "Bethke, Richard"]
[WhiteFideId "4194985"]
[BlackFideId "12959243"]
[WhiteElo "2546"]
[BlackElo "2369"]
[Result "1-0"]
[Round "01"]
[TimeControl "180+1"]
[Date "2022.11.15"]
[WhiteClock "0:00:31"]
[BlackClock "0:00:04"]

1. e4 c6 2. d4 d5 3. e5 c5 4. Nf3 Nc6 5. dxc5 e6 6. Be3 Nge7 7. c3 Nf5 8. Bd4 g5 9. h3 Bg7 10. Nbd2 Qc7 11. Bb5 O-O 12. Bxc6 bxc6 13. Nxg5 Bxe5 14. Qg4 Bg7 15. Bxg7 Nxg7 16. Qh4 Qe5+ 17. Nde4 h5 18. f4 Qf5 19. g4 Qxf4 20. Qg3 Qxg3+ 21. Nxg3 hxg4 22. hxg4 f6 23. Nh7 Rf7 24. g5 Ne8 25. Nxf6+ Nxf6 26. gxf6 Rxf6 27. Kd2 e5 28. Rag1 Rg6 29. Ne4 Bf5 30. Nd6 1-0


[Site "https://www.chess.com"]

[Event "Titled Tuesday Blitz November 15 Early 2022"]
[White "Parligras, Mircea-Emilian"]
[Black "Tarasova, Viktoriya"]
[WhiteFideId "1204297"]
[BlackFideId "4175840"]
[WhiteElo "2507"]
[BlackElo "2182"]
[Result "1-0"]
[Round "01"]
[TimeControl "180+1"]
[Date "2022.11.16"]
[WhiteClock "0:01:02"]
[BlackClock "0:00:11"]

1. d4 Nf6 2. c4 e6 3. Nc3 Bb4 4. Bd2 O-O 5. e3 d5 6. Nf3 b6 7. cxd5 exd5 8. Bd3 Bb7 9. O-O Re8 10. Ne5 Bd6 11. f4 a6 12. Be1 Ne4 13. Nxe4 dxe4 14. Bc4 Bxe5 15. fxe5 Bd5 16. Bh4 Qd7 17. Bxd5 Qxd5 18. Qg4 Nd7 19. Rf5 Nf8 20. Raf1 Qxa2 21. Rxf7 Qxf7 22. Rxf7 Kxf7 23. Qxe4 Ng6 24. Qd5+ Kf8 25. Bg3 c5 26. e6 cxd4 27. exd4 Kg8 28. Qe4 Rac8 29. h4 Rc1+ 30. Kh2 Nf8 31. d5 b5 32. e7 Ng6 33. d6 1-0


[Site "https://www.chess.com"]

[Event "Titled Tuesday Blitz November 15 Early 2022"]
[White "Parpiev, Isaak"]
[Black "Levine, David"]
[WhiteFideId "34281576"]
[BlackFideId "2011611"]
[WhiteElo "2094"]
[BlackElo "2149"]
[Result "1-0"]
[Round "01"]
[TimeControl "180+1"]
[Date "2022.11.16"]
[WhiteClock "0:00:14"]
[BlackClock "0:00:04"]

1. d4 d5 2. c4 dxc4 3. Nf3 Nf6 4. e3 e6 5. Bxc4 c5 6. O-O Nc6 7. Nc3 a6 8. a4 cxd4 9. exd4 Be7 10. Qe2 O-O 11. Rd1 Nb4 12. Bg5 Nfd5 13. Bxe7 Nxe7 14. Ne5 b6 15. Qf3 Ra7 16. Rac1 Bb7 17. Qh3 Ned5 18. Ne2 Ba8 19. Qg4 Rc7 20. Bb3 Qe7 21. Ng3 Rfc8 22. Rxc7 Rxc7 23. Nh5 f5 24. Qg3 Kf8 25. Nf4 Nxf4 26. Qxf4 Nd5 27. Qg3 Nf6 28. h4 Bd5 29. Bxd5 Nxd5 30. h5 Rc2 31. h6 g5 32. Qb3 Qc7 33. Qa3+ Kg8 34. Qd3 Rc1 35. g3 Kf8 36. Kg2 Ke7 37. Rxc1 Qxc1 38. Qxa6 Kd6 39. Qb7 1-0


[Site "https://www.chess.com"]

[Event "Titled Tuesday Blitz November 15 Early 2022"]
[White "Pein, Jonathan"]
[Black "Kobo, Ori"]
[WhiteFideId "417092"]
[BlackFideId "2812320"]
[WhiteElo "2227"]
[BlackElo "2447"]
[Result "0-1"]
[Round "01"]
[TimeControl "180+1"]
[Date "2022.11.16"]
[WhiteClock "0:00:11"]
[BlackClock "0:00:09"]

1. d4 Nf6 2. f3 d5 3. e4 dxe4 4. Nc3 e3 5. Bxe3 e6 6. Qd2 Bb4 7. a3 Ba5 8. Bg5 h6 9. Bh4 Nbd7 10. O-O-O g5 11. Bg3 c6 12. Bd3 b5 13. Nge2 b4 14. axb4 Bxb4 15. h4 Qa5 16. Kb1 g4 17. Qe3 gxf3 18. gxf3 Nd5 19. Nxd5 cxd5 20. f4 Rb8 21. f5 Rb6 22. fxe6 fxe6 23. Bg6+ Kd8 24. Nf4 Nf6 25. Be1 Ra6 26. c3 Qa2+ 27. Kc1 Bd6 28. Nd3 Rb6 29. Bg3 Qa1+ 30. Kc2 Qa4+ 31. Kb1 Ba3 32. Rd2 Ba6 33. h5 Bc4 34. Bh4 Be7 35. Nc5 Qa2+ 36. Kc1 Ne4 37. Bxe4 Bxh4 38. Bb1 Qa1 39. Rxh4 Ba2 40. Qd3 Rg8 41. Qc2 Rg1+ 42. Rd1 Bxb1 43. Kd2 Bxc2 44. Rxa1 Rxa1 45. Kxc2 Ra2 46. Rf4 Raxb2+ 47. Kd3 Rb1 48. Rf6 Ke7 49. Rxh6 a5 50. Rh7+ Ke8 51. Ra7 Rh1 52. Rxa5 Rxh5 53. Ra8+ Ke7 54. Ra7+ Ke8 55. Ra8+ Kf7 56. Ra7+ Kg6 57. Re7 Rh3+ 58. Kc2 Rh2+ 59. Kd3 Rh3+ 60. Kc2 Re3 61. Nd3 Re2+ 62. Kd1 Rh2 63. Ne5+ Kf6 64. Rf7+ Kg5 65. Rf3 Rh1+ 66. Kd2 Rb2+ 67. Ke3 Rbb1 68. Rf2 Rbe1+ 69. Kd3 Rh3+ 70. Kc2 Ree3 71. Kd2 Rxc3 72. Rg2+ Kh5 73. Rf2 Rcg3 74. Rf6 Rg2+ 75. Ke1 Rh1+ 76. Rf1 Rxf1+ 77. Kxf1 Rd2 78. Nf3 Ra2 79. Ke1 Kg6 80. Nd2 Kf5 81. Ke2 Ra3 82. Kf2 Kf4 83. Ke2 Ra2 84. Kd3 Rxd2+ 85. Kxd2 Ke4 86. Kc3 Ke3 87. Kc2 Kxd4 0-1


[Site "https://www.chess.com"]

[Event "Titled Tuesday Blitz November 15 Early 2022"]
[White "Petrosyan, Manuel"]
[Black "Ozates, Tuna"]
[WhiteFideId "13300857"]
[BlackFideId "6354521"]
[WhiteElo "2561"]
[BlackElo "2151"]
[Result "1-0"]
[Round "01"]
[TimeControl "180+1"]
[Date "2022.11.15"]
[WhiteClock "0:00:05"]
[BlackClock "0:00:02"]

1. Nf3 c5 2. g3 Nc6 3. Bg2 e5 4. e4 g6 5. O-O Bg7 6. Na3 Nge7 7. Nc4 d6 8. a4 O-O 9. d3 h6 10. c3 Be6 11. Bd2 f5 12. exf5 gxf5 13. Re1 e4 14. Nh4 d5 15. Na3 Ne5 16. dxe4 fxe4 17. Be3 b6 18. Qd2 Kh7 19. c4 Nf3+ 20. Bxf3 exf3 21. Bxc5 bxc5 22. Rxe6 Nf5 23. Nxf5 Rxf5 24. Qc2 Qg5 25. cxd5 Qg4 26. Nc4 Bd4 27. Nd6 Rf8 28. Nxf5 Rxf5 29. Re7+ Kg6 30. Qd3 c4 31. Qf1 h5 32. Rae1 h4 33. R1e6+ Rf6 34. Re4 Bxf2+ 35. Qxf2 Qg5 36. Re3 hxg3 37. Qxg3 f2+ 38. Kf1 Rb6 39. Rg7+ Kxg7 40. Qxg5+ Kf7 41. Re7+ 1-0


[Site "https://www.chess.com"]

[Event "Titled Tuesday Blitz November 15 Early 2022"]
[White "Petrova, Irina"]
[Black "Sattarov, Bobir"]
[WhiteFideId "14124122"]
[BlackFideId "14203081"]
[WhiteElo "2023"]
[BlackElo "2354"]
[Result "0-1"]
[Round "01"]
[TimeControl "180+1"]
[Date "2022.11.16"]
[WhiteClock "0:00:44"]
[BlackClock "0:01:02"]

1. e4 e6 2. d4 d5 3. Nc3 Nf6 4. Bg5 Be7 5. e5 Nfd7 6. Bxe7 Kxe7 7. f4 c5 8. Nf3 Nc6 9. dxc5 Nxc5 10. Bd3 Qb6 11. b3 h6 12. Qd2 Bd7 13. Qf2 g5 14. fxg5 hxg5 15. O-O Nxd3 16. Qxb6 axb6 17. cxd3 g4 18. Ng5 Raf8 19. Rae1 Rh5 20. h4 Rxh4 21. Nb5 Rh5 22. Nxf7 Rxf7 23. Rxf7+ Kxf7 24. Nd6+ Ke7 25. Nxb7 Nxe5 26. d4 Nd3 27. Re3 Nb4 28. Re2 Bc6 0-1


[Site "https://www.chess.com"]

[Event "Titled Tuesday Blitz November 15 Early 2022"]
[White "Petrovic, Aleksa"]
[Black "Iturrizaga Bonelli, Eduardo"]
[WhiteFideId "967629"]
[BlackFideId "3901211"]
[WhiteElo "2224"]
[BlackElo "2637"]
[Result "1/2-1/2"]
[Round "01"]
[TimeControl "180+1"]
[Date "2022.11.16"]
[WhiteClock "0:00:04"]
[BlackClock "0:01:01"]

1. d4 Nf6 2. c4 e6 3. Nf3 b6 4. g3 Bb7 5. Bg2 c5 6. d5 exd5 7. Nh4 g6 8. O-O Bg7 9. Nc3 O-O 10. cxd5 Nxd5 11. Bxd5 Nc6 12. Nf3 Re8 13. Ng5 Re7 14. Nge4 h6 15. Nd6 Ba6 16. Qa4 Nb4 17. Bxa8 Qxa8 18. a3 Bxc3 19. axb4 Bxe2 20. Qxa7 Qxa7 21. Rxa7 Bxf1 22. Kxf1 Re1+ 23. Kg2 Bd4 24. Be3 Bxe3 25. fxe3 Rxe3 26. bxc5 bxc5 27. Rxd7 Re2+ 28. Kh3 f5 29. Rc7 Rd2 30. Ne8 g5 31. Nf6+ Kf8 32. Rxc5 g4+ 33. Nxg4 fxg4+ 34. Kxg4 Rxb2 35. h4 Rb3 36. Rf5+ Kg7 37. Rf3 Rb4+ 38. Rf4 Rb3 39. Rf3 Rb4+ 40. Kh3 Kg6 41. g4 Rb1 42. Ra3 Rh1+ 43. Kg3 Rg1+ 44. Kf3 Rf1+ 45. Kg2 Rb1 46. Ra6+ Kg7 47. Kg3 Rb3+ 48. Kf4 Rb4+ 49. Kf5 Rb5+ 50. Ke6 Rb4 51. Ra7+ Kg6 52. h5+ Kg5 53. Rg7+ Kh4 54. Kf5 Rb5+ 55. Kg6 Kxg4 56. Kxh6+ Kh4 57. Rg1 Rb6+ 58. Rg6 Rb8 59. Rg7 Rh8+ 60. Kg6 Rxh5 61. Rh7 Rxh7 62. Kxh7 1/2-1/2


[Site "https://www.chess.com"]